 Dungeon Crawl Stone Soup version 0.29-a0-266-gf56f883ddd (webtiles) character file.

Game seed: 10378614036523528895

28 KJlag the Grasshopper (level 3, 18/18 HPs)
             Began as a Spriggan Warper on Mar 6, 2022.
             Quit the game on level 1 of the Dungeon.
             The game lasted 00:11:29 (1279 turns).

KJlag the Grasshopper (Spriggan Warper)             Turns: 1279, Time: 00:11:30

Health: 18/18      AC:  2    Str:  7    XL:     3   Next: 0%
Magic:  8/8        EV: 18    Int: 14    God:
Gold:   43         SH:  0    Dex: 16    Spells: 6/8 levels left

rFire   . . .      SeeInvis +   a - +0 short sword (flame)
rCold   . . .      Faith    .   (no shield)
rNeg    . . .      Spirit   .   b - +0 robe
rPois   .          Reflect  .   (helmet restricted)
rElec   .          Harm     .   (no cloak)
rCorr   .          Rampage  .   (gloves unavailable)
Will    .....                   (boots unavailable)
Stlth   ++........              (no amulet)
HPRegen 0.06/turn               (no ring)
MPRegen 0.11/turn               (no ring)

@: on berserk cooldown, very quick
A: very small, no large weapons, unfitting armour, see invisible, speed 3
a: no special abilities


You were on level 1 of the Dungeon.
You visited 1 branch of the dungeon, and saw 1 of its levels.

You collected 43 gold pieces.

Inventory:

Hand Weapons
 a - a +0 short sword of flaming (weapon)
Missiles
 d - 4 boomerangs of dispersal (quivered)
Armour
 b - a +0 robe (worn)
Scrolls
 c - a scroll of blinking
 e - a scroll of fear


   Skills:
 + Level 1.6 Fighting
 - Level 2.1 Short Blades
 - Level 1.0 Throwing
 + Level 3.3 Dodging
 * Level 1.9 Stealth
 + Level 3.1 Spellcasting
 * Level 5.1 Translocations


You had 6 spell levels left.
You knew the following spells:

 Your Spells              Type           Power      Damage    Failure   Level
a - Blink                 Tloc           32%        N/A       3%          2

Your spell library contained the following spells:

 Spells                   Type           Power      Damage    Failure   Level
 Gell's Gravitas          Tloc           16%        N/A       8%          3
 Lesser Beckoning         Tloc           16%        N/A       8%          3
 Teleport Other           Tloc           16%        N/A       8%          3
 Static Discharge         Conj/Air       2%         N/A       32%         2
 Manifold Assault         Tloc           16%        N/A       56%         5
 Dispel Undead            Necr           2%         3d7       91%         4
 Sticky Flame             Conj/Fire      2%         2d3       91%         4


Dungeon Overview and Level Annotations

Branches:
Dungeon (1/15)

Altars:


Innate Abilities, Weirdness & Mutations

You are very small and have problems with some larger weapons.
You are too small for most types of armour.
You have supernaturally acute eyesight. (SInv)
You cover ground extremely quickly. (Speed+++)


Message History

You now have 43 gold pieces (gained 16).
h - a fizzy orange potion
As you read the scroll of identify, it crumbles to dust.
e - a scroll of fear It was a potion of curing.
You feel better.
It was a potion of berserk rage.
A red film seems to cover your vision as you go berserk!
You feel yourself moving faster!
You feel mighty!
A goblin comes into view. It is wielding a +0 dagger.
You feel a strong urge to attack something.
The goblin shouts!
The goblin hits you with a +0 dagger.
You closely miss the goblin. You closely miss the goblin.
The goblin hits you with a +0 dagger.
You puncture the goblin! You burn the goblin.
You kill the goblin!
Things that are here:
a +0 dagger; a goblin corpse You feel a strong urge to attack something.
You are no longer berserk.
You are exhausted.
You feel yourself slow down.
Press: ? - help, v - describe, . - travel, g - get item
Items here: a +0 dagger; a goblin corpse.
The floor.
Hit: a) +0 short sword (flame)
Press: ? - help, Dir - move target, f - you
Okay, then.
There are no items here.
You feel yourself speed up.
A hobgoblin comes into view.
The hobgoblin shouts!
The hobgoblin misses you.
You hit the hobgoblin. You burn the hobgoblin.
You kill the hobgoblin!
You have reached level 3!
Your experience leads to an increase in your attributes!
Increase (S)trength, (I)ntelligence, or (D)exterity?
You feel agile. x2
Are you sure you want to abandon this character and quit the game? (Confirm with "yes".)

.#.# ##+# ### ......#
.#.# #..(.## ...# ##.##
.### .# .# #####
.########## #...#
..).......# #†..####.
#########.######@.......
#.........######
###########


There were no monsters in sight!

Vanquished Creatures
  A dart slug (D:1)
  A bat (D:1)
  2 endoplasms (D:1)
  2 giant cockroaches (D:1)
  3 goblins (D:1)
  4 hobgoblins (D:1)
  4 jackals (D:1)
  2 quokkas (D:1)
  A ball python (D:1)
  A rat (D:1)
21 creatures vanquished.

Notes
Turn   | Place    | Note
-------+----------+-------------------------------------------
     0 | D:1      | KJlag the Spriggan Warper began the quest for the Orb.
     0 | D:1      | Reached XP level 1. HP: 10/10 MP: 5/5
   522 | D:1      | Reached skill level 1 in Stealth
   546 | D:1      | Reached XP level 2. HP: 14/14 MP: 6/6
   565 | D:1      | Learned a level 2 spell: Blink
   714 | D:1      | Reached skill level 5 in Translocations
  1097 | D:1      | Noticed a shining eye
  1103 | D:1      | Found a faded altar of an unknown god.
  1105 | D:1      | Noticed a floating eye
  1110 | D:1      | Noticed a golden eye
  1146 | D:1      | Noticed a great orb of eyes
  1279 | D:1      | Reached XP level 3. HP: 18/18 MP: 8/8
  1279 | D:1      | Quit the game

Illustrated notes

Levels and vault maps discovered:
D:1:      saegor_arrival_simple_a, layout_loops_corners,
          hellmonk_ecumenical_altar_watching_god

Skill      XL: |  1  2 |
---------------+-------+-----
Stealth        | 1 |  1.9
Translocations | 5 |  5.1
Spellcasting   | 3 |  3.1
Fighting       | |  1.6
Short Blades   | |  2.1
Throwing       | |  1.0
Dodging        | |  3.3

Action                   || total
-------------------------++-------
Melee: Short sword       ||    83
       Punch             ||     2
Throw: Boomerang         ||     3
 Cast: Blink             ||     3
  Use: Scroll            ||     5
       Potion            ||     2
 Stab: Sleeping          ||     3
Armor: Robe              ||     6
Dodge: Dodged            ||    74

Table legend: (Time is in decaauts)
 A = Elapsed time spent in this place.
 B = Non-inter-level travel time spent in this place.
 C = Inter-level travel time spent in this place.
 D = Time resting spent in this place.
 E = Time spent auto-exploring this place.
 F = Levels seen in this place.
 G = Mean time per level.
                   A        B        C        D        E       F      G
               +--------+--------+--------+--------+--------+-----+--------+
         Total |   1005 |   1005 |      0 |    331 |    396 |   1 | 1005.0 |
       Dungeon |   1005 |   1005 |      0 |    331 |    396 |   1 | 1005.0 |
               +--------+--------+--------+--------+--------+-----+--------+

Top non-repeatable levels by time:
     D:1: 1005 daAuts
